 Dungeon Crawl Stone Soup version 0.24-a0-769-g368c1644f8 (webtiles) character file.

Game seed: 14783521408553537725, levelgen mode: deterministic

10475 PepperEater the Geomancer (level 11, -3/59 HPs)
             Began as a Gargoyle Earth Elementalist on Oct 5, 2019.
             Was a Priest of Vehumet.
             Slain by an orc warrior
             ... wielding a +0 glaive
              (17 damage)
             ... on level 11 of the Dungeon.
             The game lasted 00:33:52 (9422 turns).

PepperEater the Geomancer (GrEE)                    Turns: 9422, Time: 00:33:53

Health: -3/59      AC: 13    Str: 18    XL:     11   Next: 62%
Magic:  4/24       EV: 12    Int: 26    God:    Vehumet [***...]
Gold:   784        SH:  0    Dex:  8    Spells: 20/29 levels left

rFire    + . .     SeeInvis .   K - +11 rapier of Miroabogog {speed, rPois rN+++ Str+2 Int-2}
rCold    . . .     Gourm    +   (no shield)
rNeg     + + +     Faith    .   y - +1 robe "Odeugas" {rF+ Str+3 Int+4}
rPois    ∞         Spirit   .   t - +0 helmet
rElec    +         Reflect  .   e - +0 cloak
rCorr    .         Harm     .   x - +0 pair of gloves
MR       .....                  (no boots)
Stlth    ++........             i - amulet of the gourmand
HPRegen  0.19/turn              f - +6 ring of intelligence
MPRegen  0.19/turn              a - ring of wizardry

@: about to teleport
A: clumsy 1, deformed body, negative energy resistance 1, robust 1, electricity
resistance, unbreathing, petrification resistance, rot immunity, AC +8
a: Renounce Religion


You were on level 11 of the Dungeon.
You worshipped Vehumet.
Vehumet was most pleased with you.
You were very full.

You visited 2 branches of the dungeon, and saw 12 of its levels.

You collected 812 gold pieces.
You spent 28 gold pieces at shops.

Inventory:

Hand Weapons
 j - a +0 morningstar
 m - a +2 flail of holy wrath
 K - the +11 rapier of Miroabogog (weapon) {speed, rPois rN+++ Str+2 Int-2}
   (You took it off an orc wizard on level 9 of the Dungeon)

   Attacks with this weapon are significantly faster.
   It affects your strength (+2).
   It affects your intelligence (-2).
   It protects you from poison.
   It renders you almost immune to negative energy.
Missiles
 b - 110 stones (quivered)
 w - 2 throwing nets
 I - 5 datura-tipped darts
Armour
 e - a +0 cloak (worn)
 t - a +0 helmet (worn)
 x - a +0 pair of gloves (worn)
 y - the +1 robe "Odeugas" (worn) {rF+ Str+3 Int+4}
   (You found it on level 8 of the Dungeon)

   It affects your strength (+3).
   It affects your intelligence (+4).
   It protects you from fire.
Jewellery
 a - a ring of wizardry (right hand)
 f - a +6 ring of intelligence (left hand)
 i - an amulet of the gourmand (around neck)
 o - an uncursed ring of protection from cold
 B - an uncursed ring of protection from cold
Wands
 q - a wand of flame (12)
 F - a wand of digging (4)
Scrolls
 g - 3 scrolls of fog
 k - 7 scrolls of teleportation
 l - 2 scrolls of fear
 n - 4 scrolls of magic mapping
 p - 4 scrolls of identify
 r - 7 scrolls of remove curse
 C - 2 scrolls of amnesia
 H - a scroll of enchant weapon
 J - a scroll of blinking
Potions
 c - a potion of resistance
 h - 3 potions of curing
 s - a potion of brilliance
 z - a potion of agility
 A - 2 potions of berserk rage
 G - a potion of haste
Comestibles
 d - 14 rations
 u - a chunk of flesh


   Skills:
 - Level 1.5 Dodging
 - Level 2.1 Stealth
 + Level 9.9 Spellcasting
 + Level 11.1 Conjurations
   Level 0.7 Transmutations
 + Level 12.7 Earth Magic


You had 20 spell levels left.
You knew the following spells:

 Your Spells              Type           Power        Failure   Level  Hunger
a - Sandblast             Erth           ######       1%          1    None
b - Stone Arrow           Conj/Erth      ######       1%          3    None
c - Lee's Rapid Deconstr  Erth           ######....   1%          5    ####...

Your spell library contained the following spells:

 Spells                   Type           Power        Failure   Level  Hunger
 Airstrike                Air            ##........   5%          4    None
 Summon Small Mammal      Summ           ##..         1%          1    None
 Passwall                 Tmut/Erth      #####...     1%          2    None
 Petrify                  Tmut/Erth      #####...     1%          4    None
 Call Imp                 Summ           ##......     2%          2    None
 Call Canine Familiar     Summ           ##......     6%          3    None
 Summon Guardian Golem    Hex/Summ       ##......     6%          3    None
 Summon Ice Beast         Ice/Summ       ##......     19%         4    None
 Summon Lightning Spire   Summ/Air       ##......     19%         4    None


Dungeon Overview and Level Annotations

Branches:
Dungeon (11/15)            Temple (1/1) D:4             Orc (0/2) D:9
   Lair: D:8-11

Altars:
Ashenzari
Cheibriados
Dithmenos
Elyvilon
Gozag
Hepliaklqana
Kikubaaqudgha
Makhleb
Okawaru
Ru
Sif Muna
Trog
Uskayaw
Vehumet
Wu Jian
Xom
Yredelemnul
The Shining One

Shops:
D:7 *


Innate Abilities, Weirdness & Mutations

You are resistant to torment.
Your stone body is resilient. (AC +8)
You are immune to poison.
You resist negative energy. (rN+)
You are resistant to electric shocks. (rElec)
You can survive without breathing.
You are immune to petrification.
You are immune to rotting.
You are clumsy. (Dex -2)
Armour fits poorly on your strangely shaped body.
You are robust. (+10% HP)


Message History

You can't see any susceptible monsters within range! (Use Z to cast anyway.)
You see here a porcupine corpse.
You butcher the porcupine corpse.
u - a chunk of flesh You see here a porcupine skeleton.
A black bear comes into view.
The black bear growls angrily.
A basilisk comes into view.
You see here a porcupine corpse.
You butcher the porcupine corpse.
Things that are here:
a chunk of flesh; a porcupine skeleton An orc warrior comes into view.
It is wielding a +0 glaive.
The orc warrior shouts!
You hear a shout!
An orc wizard comes into view. It is wielding a +0 dagger.
You see here a porcupine skeleton.
As you read the scroll of teleportation, it crumbles to dust.
You feel strangely unstable.
The orc warrior hits you from afar with a +0 glaive!
You die...

#.......l. .##......#..
####.##......#..########
.....##......# .........
..... #......# >........
....###......# #h.......
.............# #........
............# #%.......
.......$.†..####@.§.....
............§oo.§§......
.........####.########..
########## #.# # # #..
####### #... .......
#.... ....... #.....
....... #......


You could see an orc warrior, a black bear and an orc wizard.

Vanquished Creatures
  A hydra (D:11)
  An unseen horror (D:11)
  Pikel (D:5)
  A troll (D:10)
  3 hornets
  2 hippogriffs (D:10)
  4 slime creatures (D:10)
  4 yaks (D:10)
  A vampire (D:11)
  A hungry ghost (D:9)
  A warg (D:9)
  3 water moccasins
  2 porcupines (D:11)
  Duvessa (D:7)
  An orc warrior (D:8)
  A slave (D:5)
  2 ice beasts
  3 black bears
  2 necrophages
  6 ogres
  A sky beast (D:10)
  7 centaurs
  A crocodile (D:11)
  A big kobold (D:9)
  6 bullfrogs
  Dowan (D:7)
  A scorpion (D:10)
  A water moccasin zombie (D:7)
  5 killer bees (D:10)
  3 crimson imps
  4 hounds
  9 orc wizards
  Crazy Yiuf (D:5)
  10 orc priests
  3 bullfrog skeletons
  A gnoll shaman (D:10)
  Jessica (D:2)
  3 centaur skeletons
  8 worker ants
  3 iguanas
  A killer bee zombie (D:5)
  A hound zombie (D:9)
  A hound skeleton (D:8)
  A worker ant zombie (D:7)
  8 gnolls
  8 adders
  2 oozes
  An adder zombie (D:7)
  4 worms
  A dart slug (D:3)
  6 leopard geckos
  38 orcs
  6 giant cockroaches
  11 goblins
  5 hobgoblins
  10 jackals
  11 kobolds
  2 quokkas
  4 bats
  10 frilled lizards
  A leopard gecko skeleton (D:4)
  A leopard gecko zombie (D:5)
  10 rats
254 creatures vanquished.

Vanquished Creatures (collateral kills)
  A jelly (D:7)
  A quokka skeleton (D:7)
2 creatures vanquished.

Vanquished Creatures (others)
  An orc (D:5)
1 creature vanquished.

Grand Total: 257 creatures vanquished

Notes
Turn   | Place    | Note
-------+----------+-------------------------------------------
     0 | D:1      | PepperEater the Gargoyle Earth Elementalist began the quest
                  | for the Orb.
     0 | D:1      | Reached XP level 1. HP: 10/10 MP: 3/3
   361 | D:1      | Reached skill level 4 in Earth Magic
   361 | D:1      | Reached XP level 2. HP: 11/15 MP: 3/5
   906 | D:1      | Reached XP level 3. HP: 18/19 MP: 6/6
   911 | D:1      | Learned a level 3 spell: Stone Arrow
  1175 | D:2      | Noticed Jessica
  1213 | D:2      | Killed Jessica
  1213 | D:2      | Reached skill level 1 in Conjurations
  1213 | D:2      | Reached XP level 4. HP: 24/24 MP: 3/8
  1815 | D:3      | Reached skill level 5 in Earth Magic
  2065 | D:3      | Reached XP level 5. HP: 26/28 MP: 7/9
  2080 | D:3      | Learned a level 5 spell: Lee's Rapid Deconstruction
  2100 | D:3      | Found an ancient bone altar of Kikubaaqudgha.
  2230 | D:3      | Found an iron altar of Okawaru.
  2371 | D:3      | Found a faded altar of an unknown god.
  2794 | D:4      | Found a shimmering altar of Xom.
  2796 | D:4      | Found a hide-covered altar of Uskayaw.
  2797 | D:4      | Found a basalt altar of Yredelemnul.
  2798 | D:4      | Found a sacrificial altar of Ru.
  2799 | D:4      | Found a glowing golden altar of the Shining One.
  2799 | D:4      | Found an opulent altar of Gozag.
  2799 | D:4      | Found a snail-covered altar of Cheibriados.
  3007 | D:4      | Reached XP level 6. HP: 32/32 MP: 0/11
  3142 | D:4      | Reached skill level 6 in Earth Magic
  3310 | D:4      | Gained mutation: You are frail. (-10% HP) [potion of
                  | mutation]
  3310 | D:4      | Gained mutation: Your natural rate of healing is unusually
                  | fast. [potion of mutation]
  3310 | D:4      | Gained mutation: You expend magic power (3 MP) to
                  | strengthen your wands. [potion of mutation]
  3311 | D:4      | Lost mutation: You are frail. (-10% HP) [potion of
                  | mutation]
  3311 | D:4      | Lost mutation: Your natural rate of healing is unusually
                  | fast. [potion of mutation]
  3311 | D:4      | Lost mutation: You expend magic power (3 MP) to strengthen
                  | your wands. [potion of mutation]
  3311 | D:4      | Gained mutation: Armour fits poorly on your strangely
                  | shaped body. [potion of mutation]
  3311 | D:4      | Gained mutation: You are clumsy. (Dex -2) [potion of
                  | mutation]
  3311 | D:4      | Gained mutation: You are robust. (+10% HP) [potion of
                  | mutation]
  3745 | D:4      | Found a staircase to the Ecumenical Temple.
  3832 | Temple   | Entered the Ecumenical Temple
  3881 | Temple   | Became a worshipper of Vehumet
  3938 | D:5      | Entered Level 5 of the Dungeon
  3938 | D:5      | Noticed an ice beast
  3940 | D:5      | Killed an ice beast
  3940 | D:5      | Reached XP level 7. HP: 39/39 MP: 2/13
  4057 | D:5      | Found a runed translucent door.
  4058 | D:5      | Noticed Crazy Yiuf
  4063 | D:5      | Killed Crazy Yiuf
  4374 | D:5      | Noticed Pikel
  4385 | D:5      | Killed Pikel
  4385 | D:5      | Reached skill level 5 in Spellcasting
  4385 | D:5      | Reached skill level 5 in Conjurations
  4385 | D:5      | Reached skill level 7 in Earth Magic
  4385 | D:5      | Reached XP level 8. HP: 36/45 MP: 0/16
  4620 | D:6      | Reached skill level 8 in Earth Magic
  5050 | D:6      | Reached XP level 9. HP: 31/49 MP: 18/18
  5539 | D:7      | Found a shadowy altar of Dithmenos.
  5617 | D:7      | Noticed Dowan
  5680 | D:7      | Noticed Duvessa
  5687 | D:7      | Killed Duvessa
  5687 | D:7      | Reached * piety under Vehumet
  5687 | D:7      | Offered knowledge of Flame Tongue by Vehumet.
  5687 | D:7      | Reached skill level 9 in Earth Magic
  5695 | D:7      | Killed Dowan
  5778 | D:7      | Found Oqapiu's Assorted Antiques.
  5790 | D:7      | Bought a scroll labeled TANKERH QUFOILAZA for 28 gold
                  | pieces
  5812 | D:7      | Found a shimmering blue altar of Sif Muna.
  6422 | D:8      | Got a heavily jewelled robe
  6433 | D:8      | Identified the +1 robe "Odeugas" {rF+ Str+3 Int+4} (You
                  | found it on level 8 of the Dungeon)
  6528 | D:8      | Noticed a hornet
  6679 | D:8      | Killed a hornet
  6686 | D:8      | Reached skill level 10 in Earth Magic
  6694 | D:8      | Got a steaming glaive
  6695 | D:8      | Identified the +9 glaive of the Wilderness {holy, *Rage
                  | rPois rN+ Str-5 Int+2} (You found it on level 8 of the
                  | Dungeon)
  6880 | D:8      | Noticed a centaur warrior
  6941 | D:9      | Reached XP level 10. HP: 55/55 MP: 12/21
  7098 | D:9      | Found an iron altar of Okawaru.
  7299 | D:9      | Reached ** piety under Vehumet
  7398 | D:9      | Offered knowledge of Throw Flame by Vehumet.
  7626 | D:9      | Found a staircase to the Orcish Mines.
  7700 | D:9      | Found a white marble altar of Elyvilon.
  7700 | D:9      | Identified the +11 rapier of Miroabogog {speed, rPois rN+++
                  | Str+2 Int-2}
  8226 | D:10     | Entered Level 10 of the Dungeon
  8257 | D:10     | Reached skill level 11 in Earth Magic
  8259 | D:10     | Killed a very large slime creature
  8351 | D:10     | Offered knowledge of Inner Flame by Vehumet.
  8352 | D:10     | Reached skill level 10 in Conjurations
  8444 | D:10     | Reached XP level 11. HP: 35/59 MP: 19/24
  8619 | D:10     | Reached *** piety under Vehumet
  8634 | D:10     | Reached skill level 12 in Earth Magic
  9149 | D:11     | Offered knowledge of Airstrike by Vehumet.
  9163 | D:11     | Noticed a five-headed hydra
  9171 | D:11     | Killed a five-headed hydra
  9405 | D:11     | Killed an unseen horror
  9422 | D:11     | Slain by an orc warrior

Levels and vault maps discovered:
D:1:      minmay_arrival_wavy_path, layout_basic
D:2:      layout_basic, minmay_parallelograms, hangedman_decor_growths,
          uniq_jessica
D:3:      layout_loops_ring, okawaru_gym_becter, kiku_gazebo_garden_becter,
          chequers_ecumenical_altar_twisty, first_ration, eino_tiny_chamber
D:4:      layout_loops_cross, grunt_temple_overflow_open,
          minmay_temple_entry_proselytizer
D:5:      layout_rooms, uniq_pikel, uniq_crazy_yiuf_cottage
D:6:      layout_loops_ring
D:7:      layout_cave_pools, kennysheep_little_box, led_sif_pool, serial_shops,
          shop, uniq_duvessa
D:8:      layout_rooms, lightli_corner_chamber
D:9:      layout_loops_ring, elyvilon_altar_5, erik_orc_3, basic_altar
D:10:     layout_roguey
D:11:     minmay_ice_pillars, layout_basic, minmay_lair_entry_grove,
          uniq_erolcha
Temple:   jpeg_temple_alley_garden

Skill      XL: |  1  2  3  4  5  6  7  8  9 10 11 |
---------------+----------------------------------+-----
Earth Magic    | 4 5 6 7 8 10 11 12 | 12.7
Spellcasting   | 3 4 5 6 7 9 |  9.9
Conjurations   | 1 2 4 5 6 8 10 11 | 11.1
Dodging        | |  1.5
Stealth        | |  2.1
Transmutations | |  0.7

Action                   |  1- 3 |  4- 6 |  7- 9 | 10-12 || total
-------------------------+-------+-------+-------+-------++-------
Melee: Dagger            |    63 |   224 |    60 |       ||   347
       Unarmed           |     2 |       |       |       ||     2
       Whip              |       |       |   150 |    43 ||   193
       Rapier            |       |       |       |   140 ||   140
 Cast: Sandblast         |    18 |    44 |    66 |    29 ||   157
       Stone Arrow       |     2 |     2 |     2 |     2 ||     8
       Lee's Rapid Decon |       |     5 |    10 |    32 ||    47
Evoke: Wand              |       |       |     8 |    11 ||    19
  Use: Scroll            |     3 |     7 |    11 |     4 ||    25
       Potion            |       |     2 |     2 |     2 ||     6
 Stab: Sleeping          |     1 |     6 |       |     2 ||     9
  Eat: Chunk             |     1 |    27 |    13 |    12 ||    53
Armor: Robe              |    29 |    76 |    98 |   101 ||   304
Dodge: Dodged            |    44 |   145 |   160 |   118 ||   467

Table legend:
 A = Non-vault XP
 B = Vault XP
 C = Vault XP percentage of total XP
 D = Non-vault monster count
 E = Vault monster count
 F = Vault count percentage of total count
                 A         B        C        D         E       F
            +---------+---------+-------+---------+---------+-------
      Total |   13081 |    1884 |  12.6 |     230 |      26 |  10.2
            +---------+---------+-------+---------+---------+-------
        D:1 |      36 |       0 |   0.0 |      19 |       0 |   0.0
        D:2 |      59 |      37 |  38.5 |      24 |       1 |   4.0
        D:3 |      78 |       0 |   0.0 |      30 |       0 |   0.0
        D:4 |     364 |      41 |  10.1 |      21 |       1 |   4.5
        D:5 |     445 |     670 |  60.1 |      19 |       2 |   9.5
        D:6 |     764 |       0 |   0.0 |      16 |       0 |   0.0
        D:7 |     344 |     220 |  39.0 |      10 |       2 |  16.7
        D:8 |    1427 |       0 |   0.0 |      18 |       0 |   0.0
        D:9 |    1491 |     514 |  25.6 |      22 |      17 |  43.6
       D:10 |    5797 |       0 |   0.0 |      45 |       0 |   0.0
       D:11 |    2276 |     402 |  15.0 |       6 |       3 |  33.3
            +---------+---------+-------+---------+---------+-------
